 Dungeon Crawl Stone Soup version 0.28-a0-533-g9f97627e2a (webtiles) character file.

Game seed: 2007220927049562004

137 miscthings the Magician (level 5, -3/35 HPs)
             Began as a Djinni Conjurer on Sept 26, 2021.
             Slain by Edmund (14 damage)
             ... on level 4 of the Dungeon.
             The game lasted 00:03:13 (3573 turns).

miscthings the Magician (Djinni Conjurer)           Turns: 3573, Time: 00:03:14

Health: -3/35      AC:  2    Str:  6    XL:     5   Next: 43%
Gold:   112        EV: 12    Int: 21    God:
                   SH:  0    Dex: 11

rFire   + + .      SeeInvis .   g - staff of conjuration
rCold   x . .      Faith    .   (no shield)
rNeg    . . .      Spirit   .   a - +0 robe
rPois   ∞          Reflect  .   (no helmet)
rElec   .          Harm     .   (no cloak)
rCorr   .          Rampage  .   (no gloves)
Will    .....                   (boots unavailable)
Stlth   ++........              (no amulet)
HPRegen 0.11/turn               (no ring)
MPRegen 0.00/turn               (no ring)

@: flying
A: sickness immunity, fire resistance 2, cold vulnerability 1, float, innate
caster, hp casting, extra vitality 1
a: no special abilities


You were on level 4 of the Dungeon.
You visited 1 branch of the dungeon, and saw 4 of its levels.

You collected 112 gold pieces.

Inventory:

Armour
 a - a +0 robe (worn)
Magical Staves
 b - a staff of cold
 f - a staff of earth
 g - a staff of conjuration (weapon)
Jewellery
 l - a ring of protection from cold
Scrolls
 d - a scroll of teleportation {unknown}
 e - a scroll of magic mapping {unknown}
 i - a scroll of identify {unknown}
 j - a scroll of fear {unknown}
Potions
 c - a potion of haste {unknown}
 h - 2 potions of curing {unknown}
 k - a potion of ambrosia {unknown}


   Skills:
 - Level 2.1 Dodging
 - Level 1.5 Stealth
 + Level 5.0 Spellcasting


You couldn't memorise any spells.
You knew the following spells:

 Your Spells              Type           Power      Damage    Failure   Level
a - Searing Ray           Conj           78%        2d7       1%          2
b - Magic Dart            Conj           100%       1d8       1%          1
c - Dazzling Flash        Conj/Hex       78%        N/A       4%          3
d - Fulminant Prism       Conj/Hex       19%        3d11      14%         4
e - Iskenderun's Mystic   Conj/Tloc      39%        2d9       14%         4
f - Apportation           Tloc           52%        N/A       1%          1
g - Slow                  Hex            26%        N/A       1%          2
Your spell library was empty.

Dungeon Overview and Level Annotations

Branches:
Dungeon (4/15)
 Temple: D:4-7

Altars:

Annotations:
D:4 Edmund


Innate Abilities, Weirdness & Mutations

You are immune to sickness and miasma.
You are immune to poison.
Your flesh is very heat resistant. (rF++)
You are vulnerable to cold. (rC-)
You float through the air rather than walking.
You learn spells naturally, not from books.
Your magical power is your life essence.
You have superior vitality. (+4 HP)


Message History

Press: ? - help, Dir - move target You feel a surge of power!
You conjure a prism of explosive energy!
A fulminant prism comes into view.
Your fulminant prism crackles loudly.
Casting: Fulminant Prism (quite dangerous; 14% risk of failure)
Confirm with . or Enter, or press ? or * to list all spells.
Aiming: Searing Ray (safe; 1% risk of failure)
Press: ? - help, Shift-Dir - straight line, f - Edmund
Aim: Edmund, wielding a +2 flail of protection, wearing a +0 scale mail and carrying a wand of flame (17) (blind, ally target, 83% to hit)
You feel a surge of power!
The searing ray hits Edmund.
Edmund is lightly wounded. (Press . to maintain the ray.)
Your fulminant prism explodes!
The blast of energy engulfs Edmund!
Edmund is heavily wounded.
You hear an angry hiss.
The searing ray hits Edmund.
Edmund is heavily wounded.
Edmund hits you with a +2 flail of protection!
Casting: Searing Ray (safe; 1% risk of failure)
Confirm with . or Enter, or press ? or * to list all spells.
The spell is quite dangerous to cast (14% risk of failure)!
Continue anyway?
You feel a surge of power!
You erupt in a blast of force!
The mystic blast hits Edmund!
Edmund is severely wounded.
Edmund is knocked back by the mystic blast.
Casting: Iskenderun's Mystic Blast (quite dangerous; 14% risk of failure)
Confirm with . or Enter, or press ? or * to list all spells.
Aiming: Searing Ray (safe; 1% risk of failure)
Press: ? - help, Shift-Dir - straight line, f/p - Edmund
Aim: Edmund, wielding a +2 flail of protection, wearing a +0 scale mail and carrying a wand of flame (17) (severely wounded, blind, 83% to hit)
You feel a surge of power!
The searing ray hits Edmund but does no damage.
Edmund is severely wounded. (Press . to maintain the ray.) Edmund is no longer blind.
The searing ray misses Edmund.
Edmund hits you with a +2 flail of protection!
You die...

... .#
...######.#
..........#
..........#
..........#
#....$..#
#.# #@#
#@## #..#
##.# ..
#.## #.
#..# #.#
##.# #..
#.# #.#
#.## #..##
#..#


You could see Edmund.

Vanquished Creatures
  A water moccasin zombie (D:3)
  2 adders (D:3)
  An orc (D:2)
  5 endoplasms
  6 giant cockroaches
  5 goblins
  7 hobgoblins
  2 jackals (D:2)
  3 kobolds
  A quokka (D:2)
  10 ball pythons
  5 bats
  A frilled lizard (D:3)
  4 rats
53 creatures vanquished.

Vanquished Creatures (others)
  A fulminant prism (D:4)
  40 plants (D:3)
41 creatures vanquished.

Grand Total: 94 creatures vanquished

Notes
Turn   | Place    | Note
-------+----------+-------------------------------------------
     0 | D:1      | miscthings the Djinni Conjurer began the quest for the Orb.
     0 | D:1      | Reached XP level 1. HP: 15/15 MP: 0/0
   419 | D:1      | Reached XP level 2. HP: 19/21 MP: 0/0
   573 | D:1      | You are sucked into a shaft and drop 1 floor!
   888 | D:1      | Reached XP level 3. HP: 23/25 MP: 0/0
   888 | D:1      | Learned a level 1 spell: Apportation
  1158 | D:1      | Found a faded altar of an unknown god.
  1236 | D:1      | Reached skill level 4 in Spellcasting
  1944 | D:2      | Reached XP level 4. HP: 17/31 MP: 0/0
  3061 | D:3      | Reached XP level 5. HP: 7/35 MP: 0/0
  3061 | D:3      | Learned a level 2 spell: Slow
  3337 | D:3      | Reached skill level 5 in Spellcasting
  3564 | D:4      | Noticed Edmund
  3573 | D:4      | Slain by Edmund

Illustrated notes

Levels and vault maps discovered:
D:1:      minmay_arrival_stair_chambers, layout_basic, basic_ecumenical_altar,
          minivault_4
D:2:      layout_basic
D:3:      layout_basic, serial_bayou, serial_bayou_lagoon_a,
          serial_bayou_pond_d, serial_bayou_shore_b, serial_bayou_pond_a
D:4:      layout_rooms, serial_shops, shop, uniq_edmund

Skill      XL: |  1  2  3  4  5 |
---------------+----------------+-----
Spellcasting   | 4 5 |  5.0
Dodging        | |  2.1
Stealth        | |  1.5

Action                   |  1- 3 |  4- 6 || total
-------------------------+-------+-------++-------
Melee: Staff             |       |     1 ||     1
 Cast: Magic Dart        |    21 |       ||    21
       Searing Ray       |    28 |    17 ||    45
       Iskenderun's Myst |       |     1 ||     1
       Fulminant Prism   |       |     1 ||     1
       Dazzling Flash    |       |     1 ||     1
Armor: Robe              |     2 |     4 ||     6
Dodge: Dodged            |    10 |     8 ||    18

Table legend: (Time is in decaauts)
 A = Elapsed time spent in this place.
 B = Non-inter-level travel time spent in this place.
 C = Inter-level travel time spent in this place.
 D = Time resting spent in this place.
 E = Time spent auto-exploring this place.
 F = Levels seen in this place.
 G = Mean time per level.
                   A        B        C        D        E       F      G
               +--------+--------+--------+--------+--------+-----+--------+
         Total |   3572 |   3441 |    131 |   1178 |   1937 |   4 |  893.0 |
       Dungeon |   3572 |   3441 |    131 |   1178 |   1937 |   4 |  893.0 |
               +--------+--------+--------+--------+--------+-----+--------+

Top non-repeatable levels by time:
     D:2: 1397 daAuts
     D:1: 1261 daAuts
     D:3: 862 daAuts
     D:4: 51 daAuts
